AoeStats
← ccereal

Black Forest

510157648Analyzed
4v4 RM · 2d ago on Sep 29, 2026· 20m 15s· 8 players
Game mode
Random Map
Map size
Large (8 player)
Population
200
Speed
Normal
Resources
Standard
Victory
Conquest
Starting age
Dark Age
Ending age
Imperial Age
RankedLock teamsTeams togetherTeam positionsShared explorationLock speedFull tech treeHidden civsTurbo modeCheats
Victory
Defeat
🇫🇷 Britons · France
1581
+8
🇫🇷 Khmer · France
1552
+9
🇫🇷 Saracens · France
1463
+12
🇫🇷 Ethiopians · France
1439
+13
🇬🇧 Bengalis · United Kingdom
1407
-11
🇨🇳 Romans · China
1403
-11
🇦🇷 Mongols · Argentina
1373
-10
🇩🇪 Bohemians · Germany
1362
-10
Heiner
0:26 Loom
11:42 Feudal Age
12:32 Feudal Age
广州气氛组组长
9:57 Feudal Age
14:17 Castle Age
12:10 Double-Bit Axe
12:34 Horse Collar
14:34 Loom
15:24 Wheelbarrow
18:39 Scale Mail Armor
20:07 Squires
20:47 Chain Mail Armor
tiberio
9:40 Feudal Age
13:21 Castle Age
11:19 Double-Bit Axe
12:22 Horse Collar
12:57 Fletching
14:18 Bow Saw
17:34 Bodkin Arrow
SeemsFishy
7:18 Loom
10:33 Feudal Age
15:51 Castle Age
ccereal
5:43 Loom
7:58 Feudal Age
11:43 Double-Bit Axe
12:22 Fletching
14:55 Padded Archer Armor
18:26 Wheelbarrow
18:27 Horse Collar
21:39 Castle Age
20:01 Horse Collar
20:22 Gold Mining
tony le gros rou
10:34 Feudal Age
14:10 Castle Age
14:58 Double-Bit Axe
15:26 Scale Barding Armor
15:33 Forging
20:06 Horse Collar
La Momone 38
6:41 Loom
9:51 Feudal Age
16:14 Fletching
16:24 Padded Archer Armor
Flybidi
10:55 Feudal Age
11:55 Double-Bit Axe
12:54 Horse Collar
15:54 Castle Age
14:42 Fishing Lines
16:59 Wheelbarrow
17:19 Bow Saw
19:03 Hand Cart
Connection lost

Rejoining the realm…

Still unreachable

The connection could not be restored.

Session expired

The server has moved on; the page needs a fresh start.